 Dungeon Crawl Stone Soup version 0.17-a0-1596-g1e86911 (webtiles) character file.

9982 MikeDS the Fighter (level 11, -6/97 HPs)
             Began as a Hill Orc Gladiator on July 30, 2015.
             Was a Believer of Beogh.
             Mangled by Maud
             ... wielding a +2 broad axe of draining
              (9 damage)
             ... on level 3 of the Lair of Beasts on July 31, 2015.
             The game lasted 03:24:10 (17392 turns).

MikeDS the Fighter (Hill Orc Gladiator)            Turns: 17392, Time: 03:24:11

Health: -6/97      AC: 21    Str: 19    XL:     11   Next: 55%
Magic:  15/15      EV:  6    Int: 11    God:    Beogh [**....]
Gold:   755        SH:  3    Dex: 14    Spells: 2 memorised, 10 levels left

rFire  . . .     SeeInvis .     a - +4 dagger (venom)
rCold  . . .     Clarity  .     V - +7 chain mail of Giaxt {Stlth+}
rNeg   . . .     SustAt   .     Z - +0 buckler
rPois  .         Gourm    .     c - +0 helmet
rElec  .         Spirit   .     J - +0 cloak
rCorr  .         Warding  .     y - +0 pair of gloves
rMut   .         Stasis   .     (no boots)
MR     .....                    Y - amulet of rage
Stlth  ..........               x - ring of wizardry
                                v - +3 ring of intelligence

@: about to teleport, very heavily drained, not resistant to hostile
enchantments, extremely unstealthy
A: no striking features
a: Smiting, Renounce Religion, Evoke Berserk Rage


You were on level 3 of the Lair of Beasts.
You worshipped Beogh.
Beogh was pleased with you.
You were not hungry.

You visited 3 branches of the dungeon, and saw 14 of its levels.

You collected 755 gold pieces.

Inventory:

Hand weapons
 a - a +4 dagger of venom (weapon)
 b - a +1 short sword of freezing
 l - a +0 dagger of holy wrath
 u - a +0 long sword
 R - a +2 dagger of electrocution
 X - a +1 hand axe of flaming
Missiles
 d - 2 throwing nets (quivered)
Armour
 c - a +0 helmet (worn)
 y - a +0 pair of gloves (worn)
 J - a +0 cloak (worn)
 V - the +7 chain mail of Giaxt (worn) {Stlth+}
   (You found it on level 2 of the Lair of Beasts)

   It makes you more stealthy.
 Z - a +0 buckler (worn)
Jewellery
 v - a +3 ring of intelligence (left hand)
 x - a ring of wizardry (right hand)
 S - an uncursed ring of protection from fire
 Y - an amulet of rage (around neck)
Magical devices
 H - a wand of polymorph (7)
Scrolls
 h - a scroll of identify
 j - 3 scrolls of remove curse
 m - 4 scrolls of amnesia
 o - a scroll of enchant weapon {unknown}
 r - a scroll of recharging {unknown}
 t - a scroll of vulnerability {unknown}
 B - a scroll of holy word {unknown}
 C - a scroll of magic mapping {unknown}
 D - 3 scrolls of teleportation
 G - 2 scrolls of random uselessness {unknown}
 L - 2 scrolls of fear
 N - a scroll of enchant armour
 O - 2 scrolls of blinking {unknown}
 Q - a scroll of fog
Potions
 i - a potion of flight
 k - a potion of cure mutation
 p - 2 potions of agility
 s - a potion of cancellation
 z - 2 potions of curing
 A - a potion of resistance
 E - a potion of berserk rage
 K - a potion of heal wounds
 W - 2 potions of ambrosia {unknown}
Books
 M - a book of Debilitation

   Spells                             Type                      Level
   a - Corona                         Hexes                        1
   b - Slow                           Hexes                        2
   c - Gell's Gravitas                Hexes/Translocation          3
   d - Inner Flame                    Hexes/Fire                   3
   e - Cause Fear                     Hexes                        4
   f - Leda's Liquefaction            Hexes/Earth                  4
 P - a book of Flames

   Spells                             Type                      Level
   a - Flame Tongue                   Conjuration/Fire             1
   b - Throw Flame                    Conjuration/Fire             2
   c - Conjure Flame                  Conjuration/Fire             3
   d - Inner Flame                    Hexes/Fire                   3
   e - Sticky Flame                   Conjuration/Fire             4
   f - Fireball                       Conjuration/Fire             5
 U - a book of the Dragon

   Spells                             Type                      Level
   a - Flame Tongue                   Conjuration/Fire             1
   b - Cause Fear                     Hexes                        4
   c - Bolt of Fire                   Conjuration/Fire             6
   d - Dragon Form                    Transmutation                7
   e - Dragon's Call                  Summoning                    9
Miscellaneous
 I - a plain deck of defence {the Blade}
Comestibles
 e - 11 bread rations
 f - 19 fruits
 g - 3 meat rations
 n - a royal jelly
 q - 3 chunks of flesh
 F - 8 slices of pizza


   Skills:
 * Level 9.5(6.0) Fighting
 * Level 6.3(4.9) Short Blades
 * Level 8.9(6.5) Long Blades
 * Level 5.6(2.5) Axes
 + Level 5.8(2.6) Throwing
 * Level 8.0(4.7) Armour
 - Level 2.4(0.0) Dodging
 + Level 1.6(0.0) Spellcasting
 + Level 5.6(2.5) Fire Magic
 + Level 5.6(2.5) Invocations
 + Level 1.4(0.0) Evocations


You had 10 spell levels left.
You knew the following spells:

 Your Spells              Type           Power        Failure   Level  Hunger
a - Flame Tongue          Conj/Fire      #....        98%         1    ##.....
b - Throw Flame           Conj/Fire      #.....       99%         2    ###....


Dungeon Overview and Level Annotations

Branches:
Dungeon (9/15)             Temple (1/1) D:7            Lair (4/8) D:8
  Swamp: Lair:3-6    Shoals: Lair:3-6     Snake: Lair:3-6    Spider: Lair:3-6
    Orc: D:9-12

Altars:
Ashenzari
Cheibriados
Dithmenos
Elyvilon
Fedhas
Gozag
Kikubaaqudgha
Makhleb
Nemelex Xobeh
Okawaru
Qazlal
Ru
Sif Muna
Trog
Vehumet
Xom
Yredelemnul
Zin
The Shining One

Shops:
D:8 *

Annotations:
D:3 Xiguana's ghost, average GrBe
Lair:3 Maud


Message History

Drink which item? (? for menu, Esc to quit)
You feel much better. The sheep bites you but does no damage.
Maud hits you with a broad axe of draining.
You feel drained.
You hit the sheep.
The sheep looks even sicker.
The sheep is almost dead.
You kill the sheep!
Beogh accepts your kill.
You hit Maud but do no damage.
Maud looks even sicker.
Maud is moderately wounded.
Maud hits you with a broad axe of draining!!
You feel drained.
* * * LOW HITPOINT WARNING * * *
Read which item? (? for menu, Esc to quit)
As you read the scroll of teleportation, it crumbles to dust.
You feel strangely unstable.
Maud hits you with a broad axe of draining!!
* * * LOW HITPOINT WARNING * * *
You feel drained.
You die...

....# ##....## .P..#.#
#######.#.P#
.......###P.#PP###.P###
.......##............P##
..................>....#
........#.......[.....##
.....................##
.....(.#........@....##
.......##.......@.....#
....### #............##
##### #.##PP######## #
####


You could see Maud.

Vanquished Creatures
  A tengu warrior (D:8)
  Urug (Lair:3)
  A griffon (Lair:3)
  A centaur zombie (D:8)
  A spiny frog (Lair:1)
  2 komodo dragons (Lair:3)
  A fire drake (Lair:2)
  Prince Ribbit (D:8)
  3 blink frogs (Lair:3)
  2 yaks (D:8)
  A steam dragon (D:8)
  2 basilisks (Lair:3)
  2 hippogriffs
  5 wolves
  7 water moccasins
  3 porcupines
  2 ice beasts
  6 crocodiles
  An orc warrior (D:8)
  A necrophage (D:7)
  A phantom (D:4)
  3 big kobolds
  6 giant frogs
  5 killer bees (D:8)
  A scorpion (D:7)
  4 wights (D:7)
  A giant frog zombie (D:5)
  4 crimson imps
  3 jellies
  A giant frog skeleton (D:7)
  A centaur skeleton (D:4)
  2 orc priests
  5 hounds
  Crazy Yiuf (D:4)
  2 orc wizards
  An iron imp (D:6)
  8 iguanas
  4 worker ants
  11 sheep
  A hound zombie (D:6)
  3 hound skeletons
  9 adders
  4 gnolls
  27 river rats
  2 adder zombies (D:7)
  An ooze (D:6)
  An adder skeleton (D:4)
  2 worms (D:3)
  5 giant geckos
  16 orcs
  3 ball pythons (D:2)
  8 bats
  6 giant cockroaches
  11 hobgoblins
  13 jackals
  7 quokkas
  A giant gecko skeleton (D:4)
  7 giant newts
  15 goblins
  A jackal zombie (D:7)
  13 kobolds
  8 rats
  A fungus (Lair:2)
273 creatures vanquished.

Vanquished Creatures (others)
  A sky beast (D:9)
  A gnoll sergeant (D:9)
  A giant frog zombie (D:9)
  An orc priest (D:6)
  A gnoll (D:9)
  A giant cockroach (D:6)
  4 fungi
  2 plants
12 creatures vanquished.

Grand Total: 285 creatures vanquished

Notes
Turn   | Place    | Note
--------------------------------------------------------------
     0 | D:1      | MikeDS the Hill Orc Gladiator began the quest for the Orb.
     0 | D:1      | Reached XP level 1. HP: 18/18 MP: 1/1
   176 | D:1      | Reached XP level 2. HP: 21/26 MP: 2/2
   877 | D:1      | Reached XP level 3. HP: 23/31 MP: 3/3
  1166 | D:2      | Reached skill level 1 in Armour
  1887 | D:1      | Reached XP level 4. HP: 16/39 MP: 4/4
  2764 | D:2      | Reached skill level 4 in Long Blades
  2989 | D:3      | Found a shimmering altar of Xom.
  2989 | D:3      | Noticed Xiguana's ghost (average GrBe)
  3094 | D:3      | Reached XP level 5. HP: 46/46 MP: 5/5
  4621 | D:4      | Noticed a phantom
  4642 | D:4      | Noticed Crazy Yiuf
  4657 | D:4      | Killed Crazy Yiuf
  4663 | D:4      | Killed a phantom
  4663 | D:4      | Reached XP level 6. HP: 53/53 MP: 6/6
  5040 | D:5      | Entered Level 5 of the Dungeon
  5185 | D:4      | Reached skill level 5 in Long Blades
  5342 | D:3      | Found a sacrificial altar of Ru.
  5619 | D:3      | Reached skill level 5 in Fighting
  6294 | D:5      | Reached XP level 7. HP: 51/61 MP: 7/7
  6603 | D:4      | Reached skill level 1 in Short Blades
  6746 | D:5      | Found an iron altar of Okawaru.
  7418 | D:6      | Found a snail-covered altar of Cheibriados.
  7472 | D:6      | Reached skill level 6 in Fighting
  7506 | D:6      | Became a worshipper of Beogh the Brigand
  7511 | D:6      | Reached XP level 8. HP: 70/70 MP: 9/9
  7520 | D:6      | Found a shadowy altar of Dithmenos.
  7735 | D:6      | Reached skill level 1 in Spellcasting
  8124 | D:6      | Learned a level 1 spell: Flame Tongue
  8456 | D:6      | Reached skill level 1 in Invocations
  8489 | D:6      | Reached skill level 1 in Fire Magic
  8755 | D:6      | Acquired Beogh's first power
  8755 | D:6      | Reached skill level 5 in Armour
  8859 | D:7      | Found a staircase to the Ecumenical Temple.
  9752 | D:6      | Learned a level 2 spell: Throw Flame
  9774 | D:7      | Reached XP level 9. HP: 69/78 MP: 10/10
 10379 | D:8      | Reached skill level 7 in Fighting
 10552 | Temple   | Entered the Ecumenical Temple
 10787 | D:8      | Noticed a tengu warrior
 11201 | D:8      | Found Zin's Purification Station.
 11204 | D:8      | Found a glowing silver altar of Zin.
 11218 | D:8      | Found an opulent altar of Gozag.
 11334 | D:8      | Killed a tengu warrior
 11624 | D:8      | Reached skill level 8 in Fighting
 11705 | D:8      | Noticed Prince Ribbit
 11745 | D:8      | Killed Prince Ribbit
 11745 | D:8      | Acquired Beogh's second power
 11745 | D:8      | Reached XP level 10. HP: 49/88 MP: 13/13
 11972 | D:8      | Noticed a centaur zombie
 12022 | D:8      | Killed a centaur zombie
 12342 | D:8      | Found a deep blue altar of Sif Muna.
 12352 | D:8      | Found a basalt altar of Yredelemnul.
 12357 | D:8      | Found a blossoming altar of Fedhas.
 12364 | D:8      | Found a bloodstained altar of Trog.
 12369 | D:8      | Found a burning altar of Makhleb.
 12380 | D:8      | Found an ancient bone altar of Kikubaaqudgha.
 12387 | D:8      | Found a glowing golden altar of the Shining One.
 12481 | D:8      | Found a staircase to the Lair.
 12635 | D:8      | Noticed a three-headed hydra
 12779 | Lair:1   | Entered Level 1 of the Lair of Beasts
 12834 | Lair:1   | Reached skill level 5 in Throwing
 12856 | Lair:1   | Reached skill level 5 in Short Blades
 12856 | Lair:1   | Reached skill level 1 in Axes
 14071 | Lair:2   | Reached skill level 5 in Fire Magic
 14769 | Lair:2   | Reached skill level 5 in Invocations
 14882 | Lair:2   | Acquired Beogh's third power
 15233 | Lair:2   | Got an encrusted chain mail
 15321 | Lair:2   | Identified the +7 chain mail of Giaxt {Stlth+} (You found it on level 2 of the Lair of Beasts)
 15341 | Lair:3   | Reached skill level 9 in Fighting
 15341 | Lair:3   | Reached XP level 11. HP: 88/97 MP: 14/14
 15967 | Lair:3   | Noticed Urug
 16090 | Lair:3   | Killed Urug
 16220 | Lair:3   | Noticed a six-headed hydra
 16254 | Lair:4   | Noticed Maud
 16288 | Lair:3   | Reached skill level 1 in Evocations
 16339 | Lair:3   | Reached skill level 5 in Axes
 17392 | Lair:3   | HP: 3/97 [Maud/broad axe of draining (20)]
 17392 | Lair:3   | Mangled by Maud

Vault maps used:
D:1:      tarquinn_simple_flora_water_e
D:2:      minmay_bisected
D:3:      wad_crossroads, nicolae_ru_sacrificial_ziggurat, xom_teletrap_fun,
          corexii_shack
D:4:      cheibrodos_gnoll_hut, uniq_crazy_yiuf_cottage
D:5:      first_bread, okawaru_gym_becter
D:6:      slow_altar_1, serial_glass, glass_columns_a, glass_columns_a,
          minmay_strange_pillars, item_on_display_a,
          nicolae_dithmenos_through_a_glass_darkly
D:7:      minmay_temple_entry_trees
D:8:      kennysheep_six_static_rooms, grunt_temple_overflow_octagram,
          zin_purify, lair_0_dummy, hangedman_ranch, small_chamber_with_monster,
          nicolae_gozag_cash_rules_everything_around_me, uniq_prince_ribbit1
D:9:      serial_shops, shop_statue, shop_fountains
Temple:   circular_temple_pool_8
Lair:1:   st_stairs_12
Lair:2:   nicolae_quartered_pool_medium, grunt_megastairs_2,
          infiniplex_staircase_pool_2
Lair:3:   uniq_urug
Lair:4:   swamp_mist_pool, minmay_snake_entry_guardpost_medium,
          infiniplex_staircase_pool, uniq_snorg, uniq_maud

Action                   |  1- 3 |  4- 6 |  7- 9 | 10-12 || total
-------------------------+-------+-------+-------+-------++-------
Melee: Long sword        |   116 |   280 |       |       ||   396
       Dagger            |       |    12 |   433 |   573 ||  1018
       Short sword       |       |       |    22 |    65 ||    87
       Hand axe          |       |       |       |     6 ||     6
Throw: Throwing net      |     1 |       |     1 |     3 ||     5
       Tomahawk          |       |       |    43 |    43 ||    86
 Cast: Flame Tongue      |       |       |     4 |     1 ||     5
Invok: Convert to Beogh  |       |       |     1 |       ||     1
       Smiting           |       |       |       |     6 ||     6
  Use: Potion            |     1 |     3 |     3 |     1 ||     8
       Scroll            |       |     4 |    10 |     8 ||    22
 Stab: Sleeping          |     1 |       |       |       ||     1
       Distracted        |       |       |     1 |       ||     1
  Eat: Chunk             |     3 |     6 |     5 |     7 ||    21
       Meat ration       |       |     2 |     2 |     2 ||     6
       Beef jerky        |       |       |     2 |     1 ||     3
